Map: Acropolis LE

Players

LGRod - Winner!

  • Race: Protoss Protoss
  • League: Diamond
  • Spawn Location: 11:00

ogobogo

  • Race: Zerg Zerg
  • League: Master
  • Spawn Location: 5:00

VOD

Have the link to the VOD?

Description

Time

  • Played on: Oct. 16, 2019, 8:47 p.m.
  • Length: 12:50
Show
View Real Time Build Order
Export as new Build Order

LGRod Protoss - Winner!

Build Orders: 1 Gate Expand, Oracle Opening, Phoenix Opening, Archon Immortal 

Get SALT Encoding   

  12  0:00  Probe  
  13  0:13  Probe  
  14  0:20  Pylon  
  14  0:25  Probe  
  15  0:38  Probe (Chrono Boost)  
  16  0:45  Gateway  
  16  0:48  Probe (Chrono Boost), Assimilator  
  17  0:53  Probe (Chrono Boost)  
  18  1:05  Probe  
  19  1:17  Probe  
  20  1:24  Nexus  
  20  1:29  Probe  
  21  1:37  Cybernetics Core  
  21  1:41  Probe  
  21  1:43  Assimilator  
  22  1:50  Pylon  
  22  1:53  Probe  
  23  2:08  Probe  
  23  2:11  Adept (Chrono Boost)  
  26  2:21  Stargate  
  26  2:25  Probe (Chrono Boost)  
  27  2:34  Warp Gate, Adept  
  27  2:35  Probe (Chrono Boost)  
  30  2:39  Pylon  
  30  2:41  Probe (Chrono Boost)  
  31  2:54  Probe (Chrono Boost)  
  31  2:56  Probe  
  33  3:01  Gateway  
  33  3:05  Probe (Chrono Boost), Phoenix  
  36  3:19  Probe (Chrono Boost)  
  38  3:21  Adept  
  38  3:22  Probe (Chrono Boost)  
  38  3:26  Probe (Chrono Boost)  
  41  3:29  Probe (Chrono Boost)  
  42  3:37  Probe (Chrono Boost)  
  42  3:39  Oracle  
  42  3:40  Assimilator  
  46  3:43  Assimilator  
  46  3:50  Probe (Chrono Boost)  
  46  3:52  Probe (Chrono Boost), Robotics Facility  
  46  4:00  Pylon  
  46  4:04  Pylon  
  46  4:07  Twilight Council  
  46  4:19  Probe (Chrono Boost)  
  46  4:22  Gateway  
  48  4:24  Gateway, Probe (Chrono Boost)  
  48  4:27  Probe (Chrono Boost)  
  50  4:31  Probe (Chrono Boost)  
  50  4:33  Probe  
  51  4:48  Probe x2  
  53  4:58  Warp Prism, Nexus  
  55  5:00  Probe  
  55  5:03  Probe, Charge  
  55  5:04  Templar Archives  
  57  5:08  Forge  
  57  5:12  Probe  
  57  5:13  Pylon  
  58  5:16  Probe  
  59  5:26  Probe (Chrono Boost)  
  60  5:32  Probe (Chrono Boost)  
  61  5:39  Immortal, Probe (Chrono Boost)  
  61  5:40  Protoss Ground Weapons Level 1  
  61  5:42  Probe (Chrono Boost)  
  67  5:47  Probe (Chrono Boost)  
  67  5:49  Probe (Chrono Boost)  
  69  5:50  Pylon  
  69  5:52  Pylon  
  69  5:57  Pylon  
  69  6:06  Probe  
  69  6:07  Pylon  
  70  6:15  Probe  
  70  6:16  High Templar x4  
  70  6:18  Probe x2  
  80  6:22  Gateway  
  80  6:24  Gateway, Robotics Facility  
  81  6:27  Gateway  
  81  6:30  Gateway  
  83  6:33  Probe x3 (Chrono Boost), Assimilator  
  83  6:34  Archon x2  
  83  6:35  Assimilator  
  87  6:47  Probe (Chrono Boost)  
  87  6:48  Probe x2 (Chrono Boost)  
  87  6:49  Zealot x4  
  87  6:50  Psionic Storm  
  95  6:55  Probe  
  95  6:56  Probe  
  95  6:57  Observer (Chrono Boost)  
  94  7:10  Immortal (Chrono Boost)  
  94  7:11  Immortal (Chrono Boost)  
  102  7:23  Gateway  
  102  7:24  Gateway  
  99  7:30  Zealot x2  
  99  7:31  High Templar x4  
  99  7:32  Zealot x2  
  106  7:51  Immortal  
  106  7:52  Zealot x2  
  106  7:57  Archon x2  
  100  8:03  Zealot x6  
  94  8:22  Zealot  
  94  8:23  Zealot x5  
  94  8:24  Zealot  
  108  8:35  Pylon  
  108  8:36  Pylon  
  108  8:38  Pylon  
  108  8:41  Protoss Ground Weapons Level 2 (Chrono Boost)  
  108  8:49  Nexus  
  108  8:51  Pylon  
  108  8:54  Immortal (Chrono Boost), Pylon  
  108  8:55  High Templar x6  
  124  8:59  Archon  
  124  9:00  Archon x2  
  108  9:11  Zealot x4  
  101  9:29  Immortal (Chrono Boost)  
  101  9:31  Zealot x6  
  98  9:35  Zealot x2  
  83  9:51  Zealot x6  
  71  10:18  Probe x2 (Chrono Boost)  
  59  10:24  Probe (Chrono Boost)  
  61  10:28  Probe (Chrono Boost)  
  61  10:30  Probe x2 (Chrono Boost)  
  61  10:31  Immortal (Chrono Boost)  
  67  10:38  High Templar x2  
  67  10:39  High Templar x2  
  67  10:41  Probe (Chrono Boost)  
  67  11:15  Probe (Chrono Boost)  
  67  11:17  Probe x2 (Chrono Boost)  
  71  11:19  Probe (Chrono Boost)  
  71  11:20  Immortal  
  71  11:22  High Templar x2  
  71  11:24  Zealot x3  
  85  11:27  Probe (Chrono Boost)  
  85  11:28  Archon  
  85  11:29  Probe (Chrono Boost)  
  85  11:32  Probe x2 (Chrono Boost)  
  88  11:38  Probe (Chrono Boost)  
  88  11:39  Probe (Chrono Boost)  
  91  11:44  Probe (Chrono Boost)  
  92  12:10  Zealot x4, High Templar x2  
  92  12:11  Zealot x2  
  106  12:18  Archon  
  100  12:31  Zealot x2  
  100  12:32  Zealot x4  
  106  12:38  Archon  
  106  12:39  Archon  
  103  12:48  Zealot x2  
Show
View Real Time Build Order
Export as new Build Order

ogobogo Zerg 

Build Orders: Hatch First, Swarm Host 

Get SALT Encoding   

  12  0:00  Drone  
  13  0:12  Overlord  
  13  0:17  Drone  
  14  0:30  Drone x2  
  16  0:49  Hatchery  
  15  0:50  Drone  
  15  0:55  Drone  
  17  1:09  Spawning Pool  
  17  1:11  Drone  
  17  1:14  Drone  
  17  1:17  Extractor  
  17  1:20  Drone  
  18  1:28  Drone  
  19  1:40  Overlord  
  19  1:59  Drone  
  19  2:01  Queen x2  
  22  2:02  Drone x2  
  26  2:15  Drone x2  
  28  2:23  Drone  
  29  2:30  Drone  
  29  2:34  Overlord  
  30  2:46  Queen  
  30  2:48  Drone x3  
  30  2:51  Hatchery  
  34  2:56  Overlord  
  34  2:57  Drone  
  35  3:05  Spine Crawler  
  33  3:25  Lair  
  33  3:26  Evolution Chamber, Roach Warren  
  31  3:27  Drone x4  
  35  3:38  Extractor, Drone x2  
  35  3:40  Extractor  
  35  3:50  Spore Crawler  
  35  3:51  Spore Crawler, Drone x2  
  35  3:54  Drone x2  
  37  3:58  Drone  
  37  4:00  Spore Crawler  
  37  4:03  Drone x2  
  37  4:06  Drone  
  40  4:10  Drone x2  
  40  4:13  Drone  
  43  4:19  Drone x3  
  43  4:24  Drone  
  47  4:28  Glial Reconstitution  
  47  4:30  Zerg Missile Weapons Level 1  
  47  4:33  Drone  
  47  4:38  Overseer  
  48  4:40  Drone x2  
  48  4:44  Drone x2  
  47  4:47  Drone x3  
  50  4:56  Overlord  
  50  5:03  Hatchery  
  49  5:13  Overlord x3  
  49  5:20  Overlord, Drone  
  49  5:21  Drone  
  51  5:22  Drone  
  51  5:23  Extractor  
  51  5:24  Extractor  
  50  5:33  Drone x4  
  50  5:34  Drone x4  
  58  5:40  Queen  
  60  5:48  Roach x4  
  68  5:50  Roach  
  68  5:52  Roach  
  68  5:55  Roach  
  74  5:59  Roach x2  
  74  6:01  Roach  
  74  6:03  Roach  
  82  6:05  Roach  
  84  6:12  Roach x3  
  84  6:14  Roach  
  84  6:17  Overlord  
  92  6:22  Overlord x2  
  92  6:30  Overlord x2  
  94  6:33  Roach x2  
  94  6:36  Roach x2  
  94  6:38  Zerg Missile Weapons Level 2  
  100  6:40  Roach  
  100  6:44  Roach x2  
  100  6:46  Roach  
  108  6:48  Roach  
  108  6:51  Roach  
  108  6:53  Overseer  
  114  6:54  Roach  
  114  6:59  Roach x2  
  114  7:01  Roach  
  120  7:05  Roach x2  
  120  7:08  Roach x2  
  126  7:13  Roach x2  
  126  7:14  Roach  
  132  7:18  Roach x2  
  136  7:24  Overlord x2  
  136  7:40  Overlord x2  
  136  7:47  Roach x4  
  136  7:50  Roach x5  
  150  7:51  Overlord x2  
  150  7:57  Roach x3  
  136  8:01  Roach  
  136  8:02  Roach x2  
  134  8:11  Roach x3  
  134  8:12  Roach x2  
  120  8:25  Drone x6  
  120  8:26  Metabolic Boost  
  114  8:29  Hydralisk Den  
  109  8:44  Drone x2  
  109  8:45  Drone x11  
  122  8:55  Zerg Melee Weapons Level 1  
  122  8:59  Roach x4  
  132  9:10  Roach x10  
  138  9:17  Roach x4  
  138  9:19  Roach  
  144  9:29  Roach x6  
  146  9:38  Roach x3  
  143  9:39  Roach  
  143  9:41  Roach  
  143  9:43  Roach  
  119  9:53  Roach x5  
  119  9:59  Drone  
  118  10:00  Roach x3  
  122  10:09  Roach x4  
  124  10:22  Roach  
  124  10:23  Roach x2  
  130  10:38  Extractor  
  130  10:40  Extractor  
  130  10:41  Extractor  
  127  10:47  Drone x3  
  127  10:48  Drone  
  127  10:49  Hatchery  
  116  11:05  Infestation Pit  
  103  11:32  Nydus Network  
  102  11:42  Swarm Host x4  
  102  11:43  Swarm Host x4  
  126  11:49  Overlord x4, Hatchery  
  125  11:54  Extractor  
  125  11:55  Extractor  
  125  11:59  Swarm Host x4  
  135  12:16  Roach  
  137  12:26  Roach  
  137  12:27  Roach x3  
Tags
 
Add a new tag
Caveats
  • Supply blocks, unpowered buildings, or Contaminate may cause inaccurate times.
  • Supply counts are checked every 10 seconds.